Map: Darkness Sanctuary LE

Players

HeroMarine - Winner!

  • Race: Terran Terran
  • Spawn Location: 5:00

DnS

  • Race: Protoss Protoss
  • Spawn Location: 11:00

Event: WCS Austin 2018

VOD

Have the link to the VOD?

Description

Time

  • Played on: June 2, 2018, 2:38 p.m.
  • Length: 17:54

All games in this series

Show
View Real Time Build Order
Export as new Build Order

HeroMarine Terran - Winner!

Build Orders: MMM Bio 

Get SALT Encoding   

  12  0:00  SCV  
  13  0:13  SCV  
  14  0:17  Supply Depot  
  14  0:25  SCV  
  15  0:39  SCV  
  15  0:41  Barracks  
  16  0:44  Refinery  
  16  0:51  SCV  
  17  1:03  SCV  
  18  1:15  SCV  
  19  1:28  Orbital Command, Marine  
  20  1:40  Command Center  
  20  1:51  Factory  
  20  1:54  SCV  
  21  2:05  Barracks Reactor  
  21  2:06  SCV  
  22  2:09  Supply Depot  
  22  2:18  SCV  
  23  2:31  SCV  
  24  2:43  SCV  
  25  2:48  Hellion x2  
  28  2:53  Orbital Command  
  28  2:55  SCV  
  29  3:07  SCV  
  29  3:09  Hellion x2  
  34  3:19  SCV  
  34  3:29  Command Center  
  34  3:30  Cyclone x2  
  34  3:31  SCV  
  41  3:34  SCV  
  41  3:40  Barracks Tech Lab  
  42  3:43  SCV  
  42  3:45  Refinery  
  42  3:46  SCV  
  44  3:53  Engineering Bay  
  44  3:56  SCV  
  44  3:58  Marine  
  46  4:07  Barracks  
  46  4:14  Stimpack  
  46  4:15  Barracks  
  46  4:18  Supply Depot  
  46  4:27  SCV x2  
  46  4:29  Marine  
  46  4:31  Factory Reactor  
  45  4:33  Supply Depot  
  45  4:36  Terran Infantry Weapons Level 1  
  45  4:38  Missile Turret  
  45  4:39  SCV  
  45  4:40  SCV  
  45  4:41  Orbital Command  
  47  4:47  Marine  
  47  4:51  SCV  
  47  4:52  SCV  
  50  4:54  Marine  
  50  4:55  Marine  
  52  5:03  SCV  
  52  5:04  Refinery, SCV  
  52  5:05  Marauder  
  52  5:06  Starport  
  56  5:11  SCV  
  56  5:12  Marine x3  
  60  5:14  Marine  
  60  5:15  SCV, Factory Reactor  
  60  5:16  SCV  
  60  5:20  Supply Depot  
  63  5:27  Marauder, SCV  
  66  5:28  SCV  
  66  5:29  Marine x2  
  66  5:30  Marine  
  66  5:32  Orbital Command  
  70  5:39  SCV  
  70  5:40  SCV  
  70  5:42  Barracks  
  72  5:44  Barracks  
  72  5:51  SCV  
  72  5:52  Marauder  
  72  5:53  SCV  
  72  5:54  Marine x4  
  80  5:58  Factory Reactor  
  80  5:59  SCV  
  80  6:03  SCV  
  82  6:04  Medivac, Missile Turret  
  82  6:05  SCV  
  82  6:07  Missile Turret  
  82  6:09  Supply Depot  
  85  6:12  Medivac, Supply Depot, SCV  
  85  6:14  Combat Shields  
  85  6:16  SCV  
  85  6:17  SCV  
  90  6:19  Marauder  
  90  6:21  Supply Depot  
  90  6:24  SCV  
  93  6:30  Marine x4, SCV x2, Barracks Tech Lab x2  
  93  6:32  Terran Infantry Armor Level 1  
  99  6:35  Supply Depot  
  99  6:40  Marauder  
  99  6:42  SCV x3  
  99  6:46  Supply Depot  
  104  6:48  Marine x4  
  104  6:53  Refinery  
  104  6:54  Marauder, SCV x2  
  111  6:55  Refinery, Marauder  
  111  6:56  SCV  
  115  7:03  Marauder  
  115  7:06  SCV x2  
  106  7:09  SCV  
  106  7:11  Marine  
  104  7:15  Marauder  
  104  7:17  Marauder, Marine x2  
  104  7:20  SCV x2  
  104  7:21  SCV  
  109  7:25  Marauder, Widow Mine x2  
  109  7:26  Armory, Refinery, Medivac  
  109  7:28  Engineering Bay  
  115  7:31  Medivac  
  115  7:32  Marine x2, Supply Depot  
  115  7:35  Marine x2  
  123  7:37  Marauder  
  123  7:39  Marauder, Concussive Shells  
  123  7:42  SCV x2  
  127  7:46  Marauder  
  127  7:48  Supply Depot  
  127  7:50  Marine x2  
  131  7:53  Marine  
  131  7:56  Widow Mine x2  
  131  7:57  Supply Depot  
  138  7:58  Marauder  
  138  8:00  Marine  
  138  8:01  Marauder  
  141  8:08  Supply Depot  
  141  8:09  Marine  
  141  8:10  Marauder  
  144  8:16  Command Center, SCV  
  144  8:18  Terran Infantry Weapons Level 2  
  144  8:19  Marine x3  
  150  8:20  Marauder  
  150  8:22  Ghost Academy  
  150  8:25  Medivac x2  
  154  8:28  Starport  
  154  8:31  Marauder, Marine  
  154  8:32  Supply Depot x2  
  154  8:34  Marine  
  157  8:40  SCV  
  154  8:41  Marauder  
  154  8:42  SCV  
  154  8:47  SCV  
  144  8:52  Ghost x2, SCV  
  144  8:54  SCV  
  149  8:59  SCV  
  149  9:02  Ghost  
  152  9:05  SCV  
  152  9:06  SCV  
  152  9:08  Marine  
  152  9:09  Marine x3  
  158  9:11  SCV  
  158  9:12  Liberator, Supply Depot  
  158  9:13  Liberator  
  158  9:17  SCV  
  160  9:18  Liberator  
  160  9:23  Missile Turret  
  158  9:25  Missile Turret, Terran Infantry Armor Level 2  
  158  9:28  Marauder  
  158  9:29  Marauder, Marine x4, Missile Turret  
  172  9:36  Marine  
  176  9:39  SCV  
  176  9:40  SCV x2  
  179  9:47  Marine  
  179  9:49  Marauder  
  182  9:52  Planetary Fortress  
  182  9:55  Marine x2, SCV x3  
  182  9:57  Marauder, Marine x2  
  191  10:05  Reaper  
  189  10:07  SCV x2  
  189  10:10  Reaper  
  189  10:13  Marine x2  
  191  10:15  Marauder, Medivac  
  191  10:16  Medivac  
  191  10:18  Marauder  
  191  10:21  Barracks x2  
  199  10:23  Barracks  
  199  10:26  Liberator x2  
  195  10:29  Marine  
  195  10:34  Liberator  
  190  10:37  Marauder  
  190  10:40  Marauder  
  174  10:43  Marauder  
  174  10:46  Missile Turret  
  174  10:49  SCV x2  
  182  10:50  SCV x2  
  178  10:57  Ghost  
  178  11:00  Liberator  
  178  11:01  Marauder  
  178  11:02  Marine  
  182  11:04  Marauder  
  182  11:05  Marine x2  
  160  11:21  Marine x2  
  160  11:22  Barracks Reactor, Barracks Tech Lab  
  160  11:23  Marauder  
  160  11:25  SCV x3  
  160  11:26  Marauder, SCV  
  160  11:27  Marauder  
  166  11:36  Command Center  
  166  11:37  Marine x2, SCV x2  
  166  11:38  SCV  
  171  11:41  SCV  
  171  11:44  Marauder  
  171  11:46  Terran Infantry Weapons Level 3  
  170  11:47  Marauder x2, Marine x2  
  170  11:48  Marauder  
  174  11:57  Marine x2  
  174  11:58  Medivac, Liberator x2  
  174  12:01  Marine x3  
  179  12:05  Marauder  
  183  12:08  Marauder  
  183  12:09  Marauder  
  183  12:12  Marauder, Marine x2  
  188  12:23  Marine x2  
  188  12:24  Marine x2  
  188  12:26  Marine  
  188  12:27  Marauder  
  192  12:30  Marauder x2  
  192  12:31  SCV x3  
  192  12:34  Marauder  
  189  12:45  Liberator  
  189  12:46  Liberator  
  181  12:53  Marauder, Marine  
  181  12:54  Marine x3  
  181  12:57  Liberator  
  181  12:58  Liberator  
  178  12:59  Marine x2  
  178  13:02  Marauder x2, Marine x2  
  184  13:11  Marine  
  178  13:14  Marauder  
  178  13:15  Marine x3  
  184  13:21  Marauder  
  184  13:23  Marine x2  
  187  13:28  Liberator x2  
  187  13:31  Marauder  
  169  13:40  Marauder x2, Liberator, Marine x2  
  173  13:46  SCV x2  
  173  13:47  SCV  
  183  13:50  Marauder  
  183  13:52  Liberator  
  183  13:53  Marauder  
  187  13:56  Marine x2  
  187  13:57  Marine x3  
  187  13:58  Marine, SCV  
  187  14:01  Marauder x2  
  197  14:06  Terran Vehicle Weapons Level 1  
  197  14:09  Marine  
  189  14:11  Planetary Fortress, Liberator  
  167  14:21  Marauder  
  167  14:24  Marauder x2, Marine x2  
  167  14:27  Marauder, Liberator, Marine  
  167  14:29  Marine x2  
  167  14:30  Marine  
  178  14:36  Marine  
  151  14:42  Marauder, Marine x2  
  158  14:45  Marauder  
  158  14:46  Marauder  
  158  14:48  Marauder, SCV  
  158  14:49  SCV  
  158  14:50  Missile Turret  
  158  14:51  SCV  
  158  14:52  SCV  
  150  15:03  Marauder  
  150  15:05  Marine  
  154  15:07  Marauder x2  
  154  15:10  Marauder  
  154  15:11  Marine x2  
  154  15:12  Marine  
  154  15:13  Marine x2  
  161  15:14  Medivac  
  161  15:15  Medivac  
  155  15:25  Marauder  
  155  15:26  Medivac  
  149  15:28  Marauder x2  
  149  15:31  Marauder, Marine x2  
  149  15:32  Marine x2  
  149  15:33  Marine x2  
  112  15:39  Marine  
  109  15:46  Marauder, SCV  
  109  15:49  Marine x2  
  118  15:50  Marauder x2, Marine x2  
  118  15:51  Marine  
  118  15:52  Orbital Command  
  118  15:53  Marauder  
  115  15:59  Marine x2  
  109  16:07  Marine x2  
  109  16:08  Marauder, Marine x2  
  109  16:09  Marine  
  112  16:11  Marauder x2  
  112  16:14  Marauder  
  112  16:17  Marine x2  
  103  16:21  SCV  
  103  16:24  Marine  
  103  16:25  Marine  
  102  16:26  Medivac, Marine x2  
  102  16:27  Medivac, Marine  
  102  16:29  Marauder  
  102  16:30  Medivac  
  102  16:32  Marauder x2  
  115  16:33  SCV  
  115  16:34  Marine  
  115  16:35  Marauder, Marine  
  118  16:42  Marine x2  
  118  16:43  Marine x2  
  118  16:46  Marine  
  123  16:50  Marauder  
  123  16:52  Marine  
  123  16:53  Marine  
  123  16:54  Marauder x2  
  128  16:57  Marauder  
  128  17:00  Marine x2  
  132  17:01  Marine x2  
  132  17:04  Marine  
  135  17:10  Marine x2  
  135  17:11  Medivac  
  135  17:12  Marauder, Medivac  
  135  17:15  Marauder x2  
  147  17:18  Marauder  
  149  17:25  Marine x3  
  152  17:35  Marine  
Show
View Real Time Build Order
Export as new Build Order

DnS Protoss 

Build Orders: 1 Gate Expand, Oracle Opening 

Get SALT Encoding   

  12  0:00  Probe  
  13  0:12  Probe  
  14  0:18  Pylon  
  14  0:24  Probe  
  15  0:32  Probe  
  15  0:37  Gateway  
  15  0:40  Probe  
  16  0:45  Assimilator  
  17  0:51  Probe  
  18  1:03  Probe  
  19  1:15  Probe  
  20  1:22  Nexus  
  20  1:31  Cybernetics Core  
  20  1:35  Probe  
  21  1:40  Assimilator  
  21  1:47  Probe  
  21  1:51  Pylon  
  22  1:59  Probe  
  22  2:00  Adept  
  23  2:11  Probe  
  26  2:16  Stargate  
  26  2:18  Adept  
  26  2:23  Probe  
  29  2:30  Probe  
  29  2:35  Probe  
  29  2:37  Warp Gate  
  31  2:38  Probe  
  32  2:44  Adept  
  32  2:47  Probe  
  32  2:48  Probe  
  36  2:59  Probe  
  36  3:00  Probe  
  36  3:01  Oracle  
  41  3:12  Probe x2  
  43  3:13  Pylon  
  43  3:26  Oracle  
  41  3:29  Probe  
  40  3:34  Probe  
  40  3:38  Gateway  
  40  3:39  Gateway  
  44  3:41  Probe  
  44  3:44  Stalker  
  44  3:47  Probe  
  46  3:52  Pylon  
  46  3:53  Gateway  
  46  3:58  Probe  
  46  3:59  Probe  
  48  4:11  Probe x2  
  50  4:20  Nexus  
  50  4:21  Pylon  
  50  4:23  Probe  
  50  4:28  Probe  
  50  4:29  Assimilator  
  51  4:31  Assimilator  
  51  4:34  Twilight Council  
  51  4:35  Probe, Forge  
  52  4:40  Probe  
  52  4:41  Stalker, Sentry  
  52  4:42  Protoss Ground Weapons Level 1  
  52  4:43  Blink  
  57  4:47  Probe  
  57  4:52  Probe  
  59  4:54  Stalker  
  59  4:56  Pylon  
  59  4:59  Probe  
  62  5:04  Probe  
  63  5:11  Probe  
  64  5:16  Stalker, Probe  
  67  5:23  Stalker x2, Probe  
  72  5:28  Probe  
  72  5:31  Gateway  
  72  5:32  Gateway  
  72  5:33  Probe  
  75  5:35  Probe  
  75  5:37  Gateway  
  75  5:40  Sentry, Probe  
  78  5:49  Gateway  
  78  5:50  Gateway, Probe x2  
  78  5:53  Probe  
  78  5:55  Sentry  
  78  5:56  Stalker  
  82  6:03  Robotics Facility  
  82  6:04  Probe x2  
  82  6:05  Probe  
  82  6:08  Shield Battery  
  82  6:10  Stalker  
  87  6:15  Shield Battery  
  87  6:20  Stalker x2  
  87  6:24  Probe  
  87  6:25  Assimilator, Probe  
  93  6:29  Protoss Ground Weapons Level 2  
  93  6:36  Pylon  
  93  6:37  Pylon  
  93  6:45  Resonating Glaives  
  93  6:50  Pylon  
  93  6:51  Pylon  
  93  6:55  Stalker x5  
  93  6:56  Probe  
  93  6:57  Probe  
  93  6:58  Assimilator  
  95  7:09  Warp Prism  
  95  7:14  Stalker x3  
  95  7:15  Probe  
  102  7:24  Probe  
  102  7:27  Zealot  
  102  7:29  Probe  
  106  7:37  Robotics Facility, Robotics Bay  
  106  7:38  Immortal  
  106  7:40  Probe x2  
  106  7:41  Adept x2  
  106  7:43  Pylon  
  112  7:44  Adept x3  
  112  7:45  Adept  
  112  7:46  Pylon  
  124  8:07  Adept x8  
  124  8:11  Pylon  
  124  8:12  Pylon  
  140  8:18  Pylon, Disruptor x2  
  140  8:28  Protoss Ground Armor Level 1  
  146  8:37  Adept x6  
  158  8:52  Adept x2  
  158  8:54  Disruptor  
  161  8:56  Disruptor  
  161  9:01  Nexus  
  164  9:02  Pylon  
  164  9:07  Dark Shrine  
  164  9:15  Pylon  
  164  9:30  Disruptor  
  167  9:37  Pylon  
  167  9:40  Disruptor  
  167  9:41  Stargate  
  167  9:42  Gateway  
  167  9:43  Gateway  
  167  9:45  Gateway  
  166  9:47  Adept x4  
  174  9:55  Assimilator  
  174  9:59  Assimilator  
  174  10:05  Disruptor  
  161  10:14  Charge  
  161  10:16  Adept x7, Disruptor  
  161  10:17  Adept  
  142  10:41  Disruptor  
  135  10:49  Zealot, Stalker x2  
  132  10:51  Adept, Probe, Disruptor  
  132  10:52  Adept, Probe x2  
  132  10:55  Probe  
  133  11:00  Probe x2  
  133  11:09  Stalker x4  
  133  11:17  Disruptor  
  126  11:22  Probe x4  
  127  11:27  Disruptor  
  127  11:28  Adept x2  
  127  11:30  Probe  
  127  11:31  Probe  
  134  11:34  Probe x2  
  134  11:38  Probe  
  136  11:46  Probe x2  
  135  11:52  Disruptor  
  135  11:53  Stalker x2  
  140  11:55  Stalker x2  
  140  11:56  Probe x2  
  146  12:15  Stalker x5  
  149  12:25  Stalker  
  149  12:26  Stalker x3  
  151  12:33  Probe x2  
  151  12:36  Probe  
  137  12:45  Stalker x3  
  137  12:55  Probe x4  
  139  13:07  Stalker, Probe x2  
  139  13:08  Sentry x2  
  139  13:11  Probe x2  
  149  13:17  Stalker x2  
  147  13:20  Probe  
  147  13:25  Zealot  
  131  13:34  Probe  
  131  13:35  Probe  
  131  13:37  Probe x2  
  133  13:46  Probe  
  134  13:50  Sentry x4  
  134  13:51  Sentry  
  134  13:53  Probe x3  
  147  13:58  Adept  
  147  13:59  Probe  
  144  14:20  Stalker x2  
  144  14:21  Stalker x4  
  115  14:41  Stalker x4  
  115  14:42  Stalker x3  
  115  14:43  Stalker x11  
  118  15:10  Stalker x7  
  99  15:43  Stalker x7  
  93  16:13  Disruptor x2  
  74  16:23  Nexus  
  70  16:42  Disruptor  
  70  16:43  Disruptor  
  70  16:46  Adept x2  
  74  16:49  Probe x2  
  82  17:00  Adept x4  
  88  17:04  Assimilator  
  88  17:19  Stalker x4  
  95  17:29  Stalker  
Tags
 
Add a new tag
Caveats
  • Supply blocks, unpowered buildings, or Contaminate may cause inaccurate times.
  • Supply counts are checked every 10 seconds.